 Dungeon Crawl Stone Soup version 0.27.1 (webtiles) character file.

Game seed: 2304458001664394541

116 DrBigBum the Digger (level 5, 0/30 HPs)
             Began as a Gargoyle Earth Elementalist on Aug 30, 2021.
             Slain by a yak (4 damage)
             ... on level 3 of the Dungeon.
             The game lasted 00:13:01 (3599 turns).

DrBigBum the Digger (Gargoyle Earth Elementalist)   Turns: 3599, Time: 00:13:02

Health: 0/30       AC: 12    Str: 12    XL:     5   Next: 0%
Magic:  7/9        EV: 11    Int: 16    God:
Gold:   112        SH:  0    Dex: 10    Spells: 6/9 levels left

rFire    . . .     SeeInvis .   f - +1 dagger (drain)
rCold    . . .     Faith    .   (no shield)
rNeg     + . .     Spirit   .   g - +0 leather armour
rPois    ∞         Reflect  .   h - +1 helmet
rElec    +         Harm     .   i - +0 cloak
rCorr    .         Rampage  .   (no gloves)
Will     .....                  a - +1 pair of boots {Fly}
Stlth    ++........             (no amulet)
HPRegen  0.10/turn              (no ring)
MPRegen  0.11/turn              (no ring)

@: flying
A: sickness immunity, AC +4, negative energy resistance 1, electricity
resistance, torment resistance 1, petrification resistance
a: no special abilities


You were on level 3 of the Dungeon.
You visited 1 branch of the dungeon, and saw 4 of its levels.

You collected 112 gold pieces.

Inventory:

Hand Weapons
 d - a +0 club
 f - a +1 dagger of draining (weapon)
Missiles
 c - 101 stones
Armour
 a - a +1 pair of boots of flying (worn)
 g - a +0 leather armour (worn)
 h - a +1 helmet (worn)
 i - a +0 cloak (worn)
Jewellery
 e - a ring of fire
Potions
 b - a potion of mutation {unknown}
 k - a potion of attraction {unknown}


   Skills:
 * Level 2.2 Fighting
 + Level 1.8 Armour
 - Level 1.5 Dodging
 - Level 2.1 Stealth
 + Level 2.7 Spellcasting
 + Level 1.5 Transmutations
 + Level 4.3 Earth Magic


You had 6 spell levels left.
You knew the following spells:

 Your Spells              Type           Power      Damage    Failure   Level
a - Sandblast             Erth           32%        2d9       4%          1
b - Passwall              Tmut/Erth      9%         N/A       11%         2

Your spell library contained the following spells:

 Spells                   Type           Power      Damage    Failure   Level
 Stone Arrow              Conj/Erth      18%        3d8       30%         3
 Ignite Poison            Fire/Tmut/Pois 3%         N/A       52%         3
 Mephitic Cloud           Conj/Pois/Air  2%         N/A       58%         3
 Petrify                  Tmut/Erth      11%        N/A       58%         4
 Olgreb's Toxic Radiance  Pois           2%         N/A       94%         4
 Bolt of Magma            Conj/Fire/Erth 3%         4d5       98%         5
 Ozocubu's Refrigeration  Ice            1%         4d5       100%        7
 Ignition                 Fire           1%         3d3       100%        8


Dungeon Overview and Level Annotations

Branches:
Dungeon (4/15)
 Temple: D:4-7

Altars:

Annotations:
D:4 Menkaure


Innate Abilities, Weirdness & Mutations

You are immune to sickness and miasma.
Your stone body is resilient. (AC +4)
You are immune to poison.
You resist negative energy. (rN+)
You are resistant to electric shocks. (rElec)
You are resistant to unholy torment.
You are immune to petrification.


Message History

Okay, then.
The yak barely misses you.
Casting: Sandblast (safe; 4% risk of failure)
Confirm with . or Enter, or press ? or * to list all spells.
Aiming: Sandblast (safe; 4% risk of failure)
Press: ? - help, Shift-Dir - straight line, f - yak
Aim: a yak (heavily wounded, 87% to hit)
The blast of sand hits the yak.
The yak is heavily wounded.
The yak gores you!
* * * LOW HITPOINT WARNING * * *
You feel much better. The yak barely misses you.
You aren't carrying any items that you can evoke.
As you read the scroll labelled WYCZERGHEVUTS, it crumbles to dust.
It is a scroll of enchant weapon.
Your +0 dagger of draining glows red for a moment.
The yak gores you!
You closely miss the yak.
The yak is heavily wounded.
The yak gores you but does no damage.
Casting: Sandblast (safe; 4% risk of failure)
Confirm with . or Enter, or press ? or * to list all spells.
Aiming: Sandblast (safe; 4% risk of failure)
Press: ? - help, Shift-Dir - straight line, f/p - yak
Aim: a yak (heavily wounded, 87% to hit)
The blast of sand hits the yak.
The yak is severely wounded.
The yak gores you.
* * * LOW HITPOINT WARNING * * *
Casting: Sandblast (safe; 4% risk of failure)
Confirm with . or Enter, or press ? or * to list all spells.
Aiming: Passwall (safe; 11% risk of failure)
Press: ? - help, Dir - move target, p - yak You can't see that place. [the floor.]
The yak gores you.
* * * LOW HITPOINT WARNING * * *
You begin to meditate on the wall.
You continue meditating on the rock.
The yak gores you.
You die...

'#.#.#.................#.# #.....
#.#.#.....#.#.#'########.# #.....
.#.#.#.....#.#'#'#######.###.....
#.#.#.#+#.#................'.....
.....#.#.#.#.......#####'###.....
....#.#.#.#........##......######
.....#.#.#....Y#.#.##......# ###
#'#.#.#.#'....#Y##.##......# #..
.#.#.#.#.#....+#@#.##......# #.#
#.#.#.#.#.....#.##.#####+### #.#
.#.#.#.#.#.#.#.#.#.# #.# #.#
#.#.#.#.#.#.#.#.##.# #.# #..
.#.#.#.#.#.#.#.#.#.# ###.#### #..
#.#.#.#.#.#.#.#.##.# #......# #..
.#.#.#.#.#.#.#.#.#.# #......# #..
#.#.#.#'#.#.#.#.##.# #......# #..
÷#.#.......#.#.#.#.# #......# #..


You could see 2 yaks.

Vanquished Creatures
  Terence (D:2)
  2 adders
  A worm (D:2)
  2 dart slugs
  An orc (D:4)
  6 bats
  12 endoplasms
  A giant cockroach (D:1)
  7 goblins
  5 hobgoblins
  A quokka (D:4)
  4 ball pythons
  5 frilled lizards
  6 kobolds
  10 rats
64 creatures vanquished.

Notes
Turn   | Place    | Note
-------+----------+-------------------------------------------
     0 | D:1      | DrBigBum the Gargoyle Earth Elementalist began the quest
                  | for the Orb.
     0 | D:1      | Reached XP level 1. HP: 10/10 MP: 3/3
   768 | D:1      | Reached XP level 2. HP: 16/16 MP: 3/5
   771 | D:1      | Learned a level 2 spell: Passwall
   928 | D:1      | Reached skill level 1 in Fighting
   928 | D:1      | Reached skill level 1 in Transmutations
  1102 | D:1      | Found a faded altar of an unknown god.
  1121 | D:1      | Reached skill level 1 in Armour
  1159 | D:1      | Reached XP level 3. HP: 20/20 MP: 3/6
  1529 | D:2      | Reached skill level 4 in Earth Magic
  1863 | D:2      | Noticed Terence
  2009 | D:2      | Killed Terence
  2010 | D:2      | Reached XP level 4. HP: 12/26 MP: 3/7
  3225 | D:4      | Noticed Menkaure
  3225 | D:4      | Noticed a yak
  3506 | D:4      | Reached XP level 5. HP: 30/30 MP: 6/9
  3565 | D:4      | Noticed a yak
  3565 | D:4      | Noticed a yak
  3599 | D:3      | Slain by a yak

Illustrated notes

Levels and vault maps discovered:
D:1:      minmay_arrival_checkered_box, layout_basic,
          ebering_ecumenical_altar_webs
D:2:      layout_basic, amethyst_killhole, uniq_terence
D:3:      layout_basic
D:4:      layout_basic, minmay_temple_entry_poolview, uniq_menkaure, uniq_edmund

Skill      XL: |  1  2  3  4 |
---------------+-------------+-----
Fighting       | 1 2 |  2.2
Transmutations | 1 |  1.5
Armour         | 1 |  1.8
Earth Magic    | 4 |  4.3
Dodging        | |  1.5
Stealth        | |  2.1
Spellcasting   | |  2.7

Action                   |  1- 3 |  4- 6 || total
-------------------------+-------+-------++-------
Melee: Club              |    14 |       ||    14
       Unarmed           |     9 |       ||     9
       Dagger            |    30 |    53 ||    83
 Cast: Sandblast         |    54 |    11 ||    65
       Passwall          |     1 |     1 ||     2
  Use: Scroll            |     3 |     2 ||     5
       Potion            |     2 |     2 ||     4
 Stab: Sleeping          |       |     2 ||     2
Armor: Robe              |    13 |       ||    13
       Leather armour    |    23 |    20 ||    43
Dodge: Dodged            |    41 |    34 ||    75
